 Dungeon Crawl Stone Soup version 0.22-a0-571-g4a923d4 (webtiles) character file.

14119 iamserjio the Blocker (level 12, -3/79 HPs)
             Began as a Gargoyle Fighter on July 1, 2018.
             Was a High Priest of Trog.
             Killed by divine providence
             ... invoked by an orc high priest
              (13 damage)
             ... on level 2 of the Orcish Mines.
             The game lasted 00:27:21 (3593 turns).

iamserjio the Blocker (Gargoyle Fighter)            Turns: 3593, Time: 00:27:21

Health: -3/79      AC: 38    Str: 22    XL:     12   Next: 13%
Magic:  12/12      EV:  8    Int:  9    God:    Trog [*****.]
Gold:   1312       SH: 12    Dex: 12    Spells: 11/11 levels left

rFire    + . .     SeeInvis .   a - +0 war axe
rCold    . . .     Gourm    .   c - +0 shield
rNeg     + . .     Faith    .   P - +6 plate armour of Day {rF+}
rPois    ∞         Spirit   .   B - +1 helmet
rElec    +         Reflect  .   T - +2 cloak {MR+}
rCorr    .         Harm     .   (no gloves)
MR       ++...                  E - +1 pair of boots
Stlth    ..........             v - amulet of the acrobat
HPRegen  0.23/turn              G - ring of protection from magic
MPRegen  0.13/turn              k - +4 ring of slaying

@: berserk cooldown, slowed, very slow
A: talons 2, repulsion field 1, negative energy resistance 1, electricity
resistance, unbreathing, petrification resistance, rot immunity, AC +8
a: Berserk, Trog's Hand, Brothers in Arms, Renounce Religion


You were on level 2 of the Orcish Mines.
You worshipped Trog.
Trog was extremely pleased with you.
You were hungry.

You visited 3 branches of the dungeon, and saw 13 of its levels.
You also visited: Sewer and Bailey.

You collected 1312 gold pieces.

Inventory:

Hand Weapons
 a - a +0 war axe (weapon)
 u - a +0 blowgun
 x - a +0 hand crossbow of freezing
 K - a +2 morningstar of draining
 R - the +5 halberd "Killer Klown's Foe" {protect, *Slow rN+ Int+6, unknown}
   (You found it on level 9 of the Dungeon)

   It protects the one who uses it against injury (+AC on strike).
   It affects your intelligence (+6).
   It protects you from negative energy.
   It may slow you when you take damage.
Missiles
 e - 7 tomahawks (quivered)
 r - 4 needles of sleeping {!f}
 D - 26 bolts
 Q - 16 tomahawks of returning
Armour
 b - a +0 scale mail
 c - a +0 shield (worn)
 q - a +0 plate armour
 B - a +1 helmet (worn)
 E - a +1 pair of boots (worn)
 H - a +0 plate armour of magic resistance
 M - a +0 chain mail
 P - the +6 plate armour of Day (worn) {rF+}
   (You took it off an orc warrior in a bailey)

   It protects you from fire.
 T - a +2 cloak of magic resistance (worn)
Jewellery
 d - an uncursed ring of see invisible
 k - a +4 ring of slaying (right hand)
 v - an amulet of the acrobat (around neck)
 F - a +3 ring of intelligence
 G - a ring of protection from magic (left hand)
 J - an uncursed ring of ice
 N - a +5 ring of intelligence
 S - an uncursed ring of protection from fire
Wands
 t - a wand of polymorph (18)
 y - a wand of random effects (23)
 O - a wand of enslavement (13)
Scrolls
 g - a scroll of fog
 m - 4 scrolls of teleportation
 n - 2 scrolls of blinking
 s - a scroll of remove curse {@r2}
 C - a scroll of random uselessness
 I - 2 scrolls of fear
Potions
 h - a potion of heal wounds
 i - a potion of brilliance {unknown}
 j - a potion of invisibility {unknown}
 l - 3 potions of curing {@q1}
 o - a potion of degeneration {unknown}
 p - 5 potions of flight
 z - 2 potions of agility
 A - 3 potions of lignification
Miscellaneous
 w - a lamp of fire (inert)
Comestibles
 f - 13 rations
 L - 8 chunks of flesh


   Skills:
 + Level 10.8 Fighting
 * Level 9.3 Axes
 + Level 10.9 Armour
 * Level 11.2 Shields


You had 11 spell levels left.
You didn't know any spells.
Your spell library was empty.

Dungeon Overview and Level Annotations

Branches:
Dungeon (10/15)            Temple (1/1) D:4             Orc (2/2) D:10
    Elf (0/3) Orc:2
   Lair: D:8-11

Altars:
Ashenzari
Cheibriados
Dithmenos
Elyvilon
Fedhas
Gozag
Hepliaklqana
Kikubaaqudgha
Makhleb
Nemelex Xobeh
Okawaru
Qazlal
Ru
Sif Muna
Trog
Uskayaw
Vehumet
Wu Jian
Xom
Zin


Innate Abilities, Weirdness & Mutations

You are resistant to torment.
Your stone body is resilient. (AC +8)
You are immune to poison.
You resist negative energy. (rN+)
You are resistant to electric shocks. (rElec)
You can survive without breathing.
You are immune to petrification.
You are immune to rotting.
You have razor-sharp toenails.
You are surrounded by a mild repulsion field. (EV +2)


Message History

You slice the orc high priest!!
The orc high priest is almost dead.
You barely miss the orange demon.
The orc high priest mumbles some strange prayers to Beogh.
The orange demon stings you but does no damage.
You block the orange demon's attack.
You closely miss the orc high priest.
The orc high priest is almost dead.
You barely miss the sixfirhy. You slash the orange demon!
You are no longer berserk.
You are exhausted.
You feel yourself slow down.
The sixfirhy hits you but does no damage.
The sixfirhy hits you.
* * * LOW HITPOINT WARNING * * *
The sixfirhy shocks you. You resist.
* * * LOW HITPOINT WARNING * * *
The orc high priest calls down the wrath of Beogh upon you.
Beogh smites you!
You die...

#### ###..#........##
##.#.###..............#
#.>...................#
#.#...........#......#
##......##....##......#o#
#........###...#..........
##.#.##.#.#.............o..
##....#......))4oo..o....o
##..........3@)o.o..#o#o#
##.....#...))o.4o..#....
##..#......#.......# .o
#...##.............#
##..#..............#
##......##..........#
#......##....)....############
##.....##...)))#....##......#.
##....###.##)).#..##.........


You could see an orc knight, an orc high priest, an orange demon, an ice devil,
a sixfirhy, an orc warrior, 3 orc priests and an orc.

Vanquished Creatures
  A hydra (D:9)
  Fannar (D:10)
  2 two-headed ogres
  The ghost of TheNamelessOne the Nimble, a novice OpTm of Cheibriados (D:9)
  2 orc knights
  A cyclops (Orc:2)
  Maurice (D:9)
  4 trolls
  3 hippogriffs (D:10)
  2 dream sheep (D:9)
  2 yaks (D:9)
  A human (D:10)
  A wyvern (D:10)
  A hungry ghost (D:7)
  4 wargs
  19 orc warriors
  2 ice beasts
  A black bear (D:10)
  2 phantoms (D:8)
  6 ogres
  A necrophage (D:10)
  A centaur (D:4)
  Blork the orc (D:5)
  3 bullfrogs
  5 big kobolds
  5 scorpions
  4 wights (D:7)
  4 howler monkeys
  2 jellies
  4 centaur skeletons
  17 orc priests
  3 hounds (D:6)
  10 orc wizards
  An iguana (D:10)
  4 worker ants
  2 hound skeletons
  6 gnolls
  7 adders
  3 river rats (Sewer)
  2 oozes
  An adder skeleton (D:4)
  2 worms
  2 dart slugs
  A leopard gecko (D:10)
  48 orcs
  2 ball pythons
  4 bats
  2 giant cockroaches
  11 goblins
  5 hobgoblins
  9 jackals
  19 kobolds
  2 frilled lizards
  A leopard gecko skeleton (D:4)
  A quokka skeleton (D:6)
  5 rats
257 creatures vanquished.

Notes
Turn   | Place    | Note
-------+----------+-------------------------------------------
     0 | D:1      | iamserjio the Gargoyle Fighter began the quest for the Orb.
     0 | D:1      | Reached XP level 1. HP: 14/14 MP: 1/1
    83 | D:1      | Reached XP level 2. HP: 18/19 MP: 2/2
    96 | D:1      | Gained mutation: You have sharp toenails. [potion of mutation]
    96 | D:1      | Gained mutation: You are surrounded by a mild repulsion field. (EV +2) [potion of mutation]
    96 | D:1      | Gained mutation: You have razor-sharp toenails. [potion of mutation]
   101 | D:1      | Reached XP level 3. HP: 3/23 MP: 3/3
   303 | D:2      | Reached XP level 4. HP: 21/29 MP: 4/4
   388 | D:4      | Reached skill level 4 in Shields
   388 | D:4      | Reached XP level 5. HP: 33/33 MP: 5/5
   466 | D:4      | Found a blossoming altar of Fedhas.
   521 | D:4      | Found a staircase to the Ecumenical Temple.
   533 | Temple   | Entered the Ecumenical Temple
   605 | Temple   | Became a worshipper of Trog the Wrathful
   634 | D:4      | Noticed a centaur
   643 | D:4      | Killed a centaur
   688 | D:5      | Entered Level 5 of the Dungeon
   724 | D:5      | Noticed Blork the orc
   731 | D:5      | Killed Blork the orc
   731 | D:5      | Reached XP level 6. HP: 36/39 MP: 6/6
   794 | D:5      | Found a glowing drain.
   810 | Sewer    | Entered a sewer
   894 | Sewer    | Found a white marble altar of Elyvilon.
   996 | D:5      | Found a shattered altar of Ashenzari.
  1012 | D:6      | Reached skill level 5 in Fighting
  1012 | D:6      | Reached skill level 5 in Armour
  1012 | D:6      | Reached skill level 5 in Shields
  1034 | D:6      | Reached XP level 7. HP: 44/44 MP: 7/7
  1068 | D:6      | Found an ancient bone altar of Kikubaaqudgha.
  1152 | D:6      | Found a sparkling altar of Nemelex Xobeh.
  1191 | D:6      | Reached * piety under Trog
  1255 | D:4      | You fall through a shaft for 3 floors!
  1566 | D:8      | Noticed a two-headed ogre
  1583 | D:8      | Killed a two-headed ogre
  1583 | D:8      | Reached skill level 5 in Axes
  1583 | D:8      | Reached skill level 6 in Shields
  1583 | D:8      | Reached XP level 8. HP: 34/52 MP: 8/8
  1664 | D:8      | Reached XP level 9. HP: 35/56 MP: 9/9
  1719 | D:7      | Reached skill level 7 in Shields
  1741 | D:7      | Paralysed by fainting for 11 turns
  1793 | D:7      | Reached ** piety under Trog
  1934 | D:8      | Found a blossoming altar of Fedhas.
  2110 | D:9      | Found a runed door.
  2116 | D:9      | Noticed TheNamelessOne's ghost (novice OpTm)
  2137 | D:9      | Killed TheNamelessOne's ghost
  2147 | D:10     | Entered Level 10 of the Dungeon
  2160 | D:10     | Reached skill level 8 in Shields
  2181 | D:10     | Reached XP level 10. HP: 53/64 MP: 10/10
  2321 | D:10     | Reached *** piety under Trog
  2340 | D:10     | Found a staircase to the Orcish Mines.
  2348 | D:10     | Reached skill level 9 in Shields
  2364 | D:10     | Noticed a two-headed ogre
  2369 | D:10     | Noticed Fannar
  2372 | D:10     | Killed a two-headed ogre
  2402 | D:10     | Killed Fannar
  2402 | D:10     | Reached XP level 11. HP: 42/71 MP: 11/11
  2575 | D:10     | Found a flagged portal.
  2587 | Bailey   | Entered a bailey
  2657 | Bailey   | Noticed an orc knight
  2667 | Bailey   | Killed an orc knight
  2746 | Bailey   | Got an encrusted plate armour
  2757 | Bailey   | Identified the +6 plate armour of Day {rF+} (You took it off an orc warrior in a bailey)
  2846 | D:9      | Reached skill level 10 in Armour
  2851 | D:9      | Reached skill level 10 in Fighting
  2855 | D:9      | Reached skill level 10 in Shields
  2892 | D:9      | Noticed a three-headed hydra
  2899 | D:9      | Killed a three-headed hydra
  2908 | D:9      | Got a blackened halberd
  3019 | D:9      | Noticed Maurice
  3039 | D:9      | Killed Maurice
  3058 | D:9      | Found a hazy altar of Hepliaklqana.
  3069 | D:9      | You fall through a shaft!
  3132 | Orc:1    | Entered Level 1 of the Orcish Mines
  3149 | Orc:1    | Reached **** piety under Trog
  3228 | Orc:2    | Entered Level 2 of the Orcish Mines
  3228 | Orc:2    | Noticed a cyclops
  3424 | Orc:2    | Killed a cyclops
  3500 | Orc:2    | Reached skill level 11 in Shields
  3500 | Orc:2    | Reached XP level 12. HP: 66/79 MP: 12/12
  3538 | Orc:2    | Found a staircase to the Elven Halls.
  3579 | Orc:2    | Noticed an orc high priest
  3581 | Orc:2    | Reached ***** piety under Trog
  3593 | Orc:2    | Killed from afar by an orc high priest

Vault maps used:
D:1:      lemuel_arrival_behind_the_door_small, serial_bayou_pond_b,
          minmay_hexomino_u4
D:2:      lemuel_crystal_altar, lemuel_coloured_pillars_altar, minmay_cut_off
D:3:      first_ration, uniq_jessica
D:4:      kennysheep_little_box, minmay_temple_entry_large_hall
D:5:      portal_sewer_entry_c, basic_altar, chei_slow_surprise,
          uniq_blork_the_orc
D:6:      nemelex_xobeh_ov_fountains_minmay, kennysheep_mini
D:7:      minmay_ruined_shrine
D:8:      fedhas_altar_3
D:9:      lemuel_round_altar, gammafunk_ghost_grave, hangedman_ranch,
          uniq_maurice
D:10:     erik_orc_4, enter_bailey_1, uniq_fannar
Temple:   eino_temple_scatter_basement
Orc:2:    st_orc_pillars
Sewer:    sewer_kobolds
Bailey:   bailey_axe_4, bailey

Skill      XL: |  1  2  3  4  5  6  7  8  9 10 11 |
---------------+----------------------------------+-----
Axes           | 2 3 5 6 7 9 |  9.3
Armour         | 4 5 6 7 8 9 10 | 10.9
Fighting       | 4 5 6 8 9 10 | 10.8
Shields        | 4 5 6 8 9 11 | 11.2

Action                   |  1- 3 |  4- 6 |  7- 9 | 10-12 || total
-------------------------+-------+-------+-------+-------++-------
Melee: War axe           |    50 |    63 |   155 |   376 ||   644
       Kick              |     5 |    15 |    13 |       ||    33
       Morningstar       |       |       |       |    95 ||    95
Invok: Berserk           |       |       |     3 |     5 ||     8
       Trog's Hand       |       |       |       |     9 ||     9
Evoke: Lamp of fire      |       |       |       |     1 ||     1
  Use: Potion            |     3 |       |       |     4 ||     7
       Scroll            |       |     2 |    11 |     3 ||    16
  Eat: Chunk             |       |       |     2 |     8 ||    10
       Ration            |       |       |     2 |     2 ||     4
Armor: Scale mail        |    44 |     8 |       |       ||    52
       Skin              |     6 |       |       |       ||     6
       Plate armour      |       |    32 |   111 |   300 ||   443
Dodge: Dodged            |    37 |    13 |    44 |   142 ||   236
Block: Shield            |    47 |    38 |    93 |   319 ||   497

Table legend:
 A = Spawn XP
 B = Non-spawn XP
 C = Spawn XP percentage of total XP
 D = Spawn monster count
 E = Non-spawn monster count
 F = Spawn count percentage of total count
 G = Total turns spent on level
                    A         B        C        D         E        F      G
               +---------+---------+-------+---------+---------+-------+---------
         Total |       0 |   20170 |   0.0 |       0 |     257 |   0.0 |  3593
               +---------+---------+-------+---------+---------+-------+---------
           D:1 |       0 |      43 |   0.0 |       0 |      16 |   0.0 |   168
           D:2 |       0 |      43 |   0.0 |       0 |       8 |   0.0 |   157
           D:3 |       0 |      15 |   0.0 |       0 |       2 |   0.0 |    87
           D:4 |       0 |     286 |   0.0 |       0 |      12 |   0.0 |   208
           D:5 |       0 |     124 |   0.0 |       0 |       8 |   0.0 |   207
           D:6 |       0 |     210 |   0.0 |       0 |      15 |   0.0 |   279
           D:7 |       0 |     920 |   0.0 |       0 |      19 |   0.0 |   324
           D:8 |       0 |    1420 |   0.0 |       0 |       6 |   0.0 |   381
           D:9 |       0 |    3896 |   0.0 |       0 |      14 |   0.0 |   375
          D:10 |       0 |    6147 |   0.0 |       0 |      55 |   0.0 |   505
         Orc:1 |       0 |    1719 |   0.0 |       0 |      23 |   0.0 |   275
         Orc:2 |       0 |    3777 |   0.0 |       0 |      46 |   0.0 |   186
         Sewer |       0 |     137 |   0.0 |       0 |       8 |   0.0 |   125
        Bailey |       0 |    1433 |   0.0 |       0 |      25 |   0.0 |   226
               +---------+---------+-------+---------+---------+-------+---------
